 Dungeon Crawl Stone Soup version 0.19-a0-231-gae044c8 (webtiles) character file.

129291 namelastname112 the Brawler (level 17, -5/150 HPs)
             Began as a Ghoul Monk on May 24, 2016.
             Was the Champion of Hepliaklqana.
             Slain by a giant leech (38 damage)
             ... called by a spriggan druid
             ... on level 3 of the Swamp.
             The game lasted 01:27:31 (30895 turns).

namelastname112 the Brawler (Ghoul Monk)           Turns: 30895, Time: 01:27:32

Health: -5/150     AC: 23    Str: 26    XL:     17   Next: 5%
Magic:  0/35       EV: 17    Int: 10    God:    Hepliaklqana [******]
Gold:   1329       SH:  4    Dex: 11    Spells: 0 memorised, 16 levels left

rFire  . . .     SeeInvis .       - Unarmed
rCold  + + .     Gourm    .     T - +0 plate armour {rC+}
rNeg   + + +     Faith    .     i - +0 buckler of Supple Strength {Str+4 Stlth-}
rPois  ∞         Spirit   +     r - +3 hat of Pondering {ponderous, MR+ MP+10 Int+5}
rElec  .         Dismiss  .     e - +0 cloak
rCorr  .         Reflect  .     (no gloves)
SustAt .         Harm     .     Q - +2 pair of boots
MR     +++..                    W - amulet of guardian spirit
Stlth  ..........               w - +5 ring of evasion
                                L - ring of protection from magic

@: rotting, studying Necromancy, slow, extremely resistant to hostile
enchantments, extremely unstealthy
A: rotting body, claws 1, carnivore 3, cold resistance 1, negative energy
resistance 3, slow regeneration 1, torment resistance, unbreathing
a: Recall Ancestor, Ancestor Identity, Transference, Idealise, Renounce Religion


You were on level 3 of the Swamp.
You worshipped Hepliaklqana.
Hepliaklqana was exalted by your worship.
You were not hungry.

You visited 5 branches of the dungeon, and saw 30 of its levels.
You also visited: Labyrinth and Ossuary.

You collected 3175 gold pieces.
You spent 1846 gold pieces at shops.

Inventory:

Missiles
 o - 3 throwing nets (quivered)
Armour
 e - a +0 cloak (worn)
 i - the +0 buckler of Supple Strength (worn) {Str+4 Stlth-}
   (You acquired it on level 2 of the Orcish Mines)

   It affects your strength (+4).
   It makes you less stealthy.
 r - the +3 hat of Pondering (worn) {ponderous, MR+ MP+10 Int+5}
   (You took it off Gastronok on level 8 of the Dungeon)

   It affects your intelligence (+5).
   It affects your resistance to hostile enchantments.
   It affects your magic capacity (+10).
 Q - a +2 pair of boots (worn)
 T - a +0 plate armour of cold resistance (worn)
Rods
 B - a +3 iron rod (14/14)
   (You found it in a labyrinth)
Jewellery
 w - a +5 ring of evasion (right claw)
 L - a ring of protection from magic (left claw)
 W - an amulet of guardian spirit (around neck)
Wands
 d - a wand of teleportation (6/9)
 m - a wand of teleportation (2/9)
 u - a wand of disintegration (21/24)
 v - a wand of teleportation (5/9)
 A - a wand of teleportation (6/9)
 C - a wand of iceblast (4/15)
 E - a wand of digging (8/24)
 I - a wand of paralysis (13/24)
 P - a wand of slowing (19/48)
Scrolls
 c - 19 scrolls of remove curse
 k - 5 scrolls of fog
 p - 2 scrolls of enchant weapon
 q - a scroll of teleportation
 y - 8 scrolls of identify
 z - 6 scrolls of recharging
 F - 3 scrolls of noise
 J - 4 scrolls of silence
 R - 3 scrolls of blinking
 S - 3 scrolls of amnesia
 Y - a scroll of enchant armour
Potions
 a - 3 potions of ambrosia
 g - 8 potions of flight
 h - 13 potions of curing
 l - 4 potions of haste
 s - 2 potions of resistance
 t - 6 potions of agility
 G - 6 potions of might
 H - a potion of magic
 N - a potion of invisibility
 U - 2 potions of brilliance
Books
 M - a manual of Necromancy
 V - a book of Power

   Spells                             Type                      Level
   a - Fulminant Prism                Conjuration/Hexes            4
   b - Iskenderun's Mystic Blast      Conjuration                  4
   c - Venom Bolt                     Conjuration/Poison           5
   d - Bolt of Magma                  Conjuration/Fire/Earth       5
   e - Iron Shot                      Conjuration/Earth            6
   f - Orb of Destruction             Conjuration                  7
   g - Spellforged Servitor           Conjuration/Summoning        7
 X - Roxanne's Disquisition on Moulding
   (You took it off Roxanne on level 4 of the Swamp)

   Spells                             Type                      Level
   a - Beastly Appendage              Transmutation                1
   b - Passwall                       Transmutation/Earth          2
   c - Ice Form                       Ice/Transmutation            4
   d - Irradiate                      Conjuration/Transmutation    5
   e - Statue Form                    Transmutation/Earth          6
Miscellaneous
 j - a stone of tremors
 O - a phantom mirror
Comestibles
 b - 12 meat rations
 f - 12 beef jerkies
 n - 8 chunks of flesh
 D - 4 slices of pizza
 K - a royal jelly


   Skills:
 + Level 13.5 Fighting
 + Level 11.5 Armour
 + Level 11.4 Dodging
 - Level 2.1 Stealth
 + Level 4.2 Shields
 * Level 18.5 Unarmed Combat
 + Level 12.8 Invocations


You had 16 spell levels left.
You didn't know any spells.

Dungeon Overview and Level Annotations

Branches:
Dungeon (15/15)            Temple (1/1) D:6            Lair (8/8) D:8
  Swamp (4/4) Lair:3        Snake (0/4) Lair:6        Slime (0/6) Lair:6
    Orc (2/2) D:11            Elf (0/3) Orc:2        Vaults (0/5) D:13
 Depths (0/5) D:15

Altars:
Ashenzari
Cheibriados
Dithmenos
Elyvilon
Fedhas
Gozag
Hepliaklqana
Kikubaaqudgha
Makhleb
Nemelex Xobeh
Okawaru
Qazlal
Ru
Sif Muna
Vehumet
Xom
Yredelemnul
Zin
The Shining One
Beogh

Shops:
D:6 !   D:11 %(   D:15 (   Orc:2 ?}}[?


Innate Abilities, Weirdness & Mutations

Your body is rotting away.
You thrive on raw meat.
You are immune to poison.
You have sharp fingernails.
You are carnivorous and can eat meat at any time.
Your flesh is cold resistant. (rC+)
You are immune to negative energy. (rN+++)
You regenerate slowly when monsters are visible.
You are immune to unholy pain and torment.
You can survive without breathing.


Message History

The spriggan hits you but does no damage.
The giant leech bites you but does no damage.
You regained 12 hp, and now have 18/150 hp.
Eat one of 10 chunks of flesh? (ye/n/q/i?) This raw flesh tastes great!
The spriggan hits you with a short sword.
* * * LOW HITPOINT WARNING * * *
You continue eating.
The spriggan misses you. You block the giant leech's attack.
You continue eating.
The spriggan barely misses you. The giant leech bites you!
* * * LOW HITPOINT WARNING * * *
You now have 2/35 mp.
Eat one of 9 chunks of flesh? (ye/n/q/i?) This raw flesh tastes great!
The spriggan hits you but does no damage.
The giant leech closely misses you.
You continue eating.
The spriggan barely misses you. The giant leech bites you!!!
You die...

♣♣♣ ♣♣♣♣.. ♣♣..... ♣♣♣
♣♣♣..♣♣♣♣ ♣♣.♣♣♣.......♣
♣♣♣♣♣♣♣♣♣♣.≈.♣..♣♣♣♣P..
♣♣≈≈≈..@i♣♣♣≈)......♣♣♣♣
♣♣♣♣♣.≈≈.≈≈≈w≈♣.≈..♣♣♣≈....♣
♣♣≈≈≈.≈≈≈≈≈≈≈≈.≈...♣..♣♣♣♣≈..
♣...≈≈....≈...≈§..♣♣♣♣...♣♣♣♣
♣♣♣♣≈........≈≈≈≈♣♣ ♣♣♣♣....
♣≈..≈≈≈≈≈♣♣.≈≈.♣♣♣♣ ♣♣♣♣.
♣♣♣≈§≈≈≈≈.≈....≈..♣♣♣♣ ♣.
♣♣..≈≈§..≈...≈≈...≈♣♣ ♣.
♣...≈≈≈....≈≈≈≈≈§..♣ ♣.


You could see a giant leech and a spriggan.

Vanquished Creatures
  Rupert (Lair:5)
  3 thorn hunters
  Gastronok (D:8)
  Kirke (D:15)
  Roxanne (Swamp:4)
  2 dire elephants
  Nessos (D:14)
  Azrael (Orc:2)
  A minotaur (Lab)
  Josephine (Lair:4)
  Erolcha (Orc:2)
  12 hydras
  2 catoblepae (Lair:6)
  5 centaur warriors
  A death knight (D:15)
  A ghost crab (Swamp:1)
  5 alligators
  3 death yaks (Lair:6)
  An unseen horror (D:13)
  4 swamp dragons (Swamp:4)
  3 shambling mangroves
  9 hill giants
  A wizard (D:15)
  A necromancer (D:13)
  2 orc knights
  14 ugly things
  11 elephants
  A salamander (D:15)
  2 cyclopes (D:15)
  2 deep elf magi
  12 orc sorcerers
  An eye of devastation (Lair:6)
  4 black mambas
  14 spiny frogs
  3 kobold demonologists (D:13)
  2 rime drakes (Lair:6)
  5 komodo dragons
  2 spriggan druids
  4 trolls
  8 polar bears
  2 two-headed ogres
  3 giant leeches
  6 blink frogs
  16 slime creatures
  2 boulder beetles
  4 bog bodies
  A centaur simulacrum (D:15)
  5 redbacks
  13 spriggans
  3 wraiths
  2 shadows
  A hog (D:15)
  3 fire elementals (Orc:2)
  27 yaks
  Eustachio (D:6)
  A golden eye (shapeshifter) (D:15)
  6 hippogriffs
  3 hungry ghosts
  4 basilisks
  13 swamp worms
  Menkaure (D:7)
  3 vampire mosquitoes (Swamp:2)
  4 wargs
  5 insubstantial wisps (Swamp:2)
  2 nagas (Lair:6)
  15 water moccasins
  7 porcupines
  2 hell hounds (Orc:2)
  7 black bears (Lair:8)
  5 swamp drakes
  2 sky beasts
  19 orc warriors
  3 ice beasts
  10 wasps
  A phantom (D:6)
  9 ogres
  An eye of draining (Lair:6)
  33 wolves
  2 centaurs
  12 crocodiles
  A gnoll sergeant (D:10)
  4 big kobolds
  A wyvern zombie (D:7)
  10 giant frogs
  2 wyvern skeletons
  4 killer bees
  5 scorpions
  5 wights (D:13)
  4 howler monkeys
  4 centaur zombies
  6 crimson imps
  3 hounds
  A jelly (D:8)
  16 orc priests
  2 giant frog skeletons
  29 orc wizards
  5 centaur skeletons
  A gnoll shaman (Orc:1)
  Jessica (D:3)
  8 iguanas
  9 worker ants
  6 hell rats (Lair:4)
  5 sheep
  A hound zombie (D:9)
  2 mummies (Ossuary)
  A worker ant zombie (D:10)
  6 gnolls
  38 river rats
  11 adders
  3 shadow imps
  2 adder skeletons
  4 adder zombies
  2 worms
  2 dart slugs
  7 giant geckos
  70 orcs
  A ball python (D:1)
  9 giant cockroaches
  2 goblins
  7 hobgoblins
  6 jackals
  25 kobolds
  8 quokkas
  10 bats
  A giant gecko zombie (D:6)
  6 giant newts
  A goblin zombie (Ossuary)
  4 hobgoblin zombies (Ossuary)
  A jackal zombie (Ossuary)
  11 kobold zombies (Ossuary)
  3 orc zombies (Ossuary)
  10 rats
  2 briar patches (Swamp:2)
796 creatures vanquished.

Vanquished Creatures (collateral kills)
  An orc warlord (Orc:2)
  6 hydras
  A centaur warrior (D:15)
  An alligator (Swamp:2)
  An ogre mage (Orc:2)
  Nergalle (D:10)
  4 unseen horrors
  A shambling mangrove (Swamp:4)
  2 swamp dragons
  A hill giant (D:13)
  2 orc knights (Orc:1)
  A deep elf mage (D:12)
  A phantasmal warrior (D:13)
  A wolf spider zombie (D:13)
  2 griffons (Lair:8)
  4 ugly things
  3 manticores
  2 cyclopes
  6 elephants
  A black mamba (Lair:4)
  5 spiny frogs
  A centaur skeleton (D:10)
  2 komodo dragons
  A freezing wraith (D:14)
  A spriggan druid (Lair:8)
  A two-headed ogre (D:15)
  A troll (shapeshifter) (D:15)
  4 trolls
  3 bog bodies
  A polar bear (Lair:8)
  7 blink frogs
  7 slime creatures
  2 redbacks (Lair:8)
  2 shadows
  2 spriggans (Lair:8)
  4 basilisks
  A wraith (Lair:4)
  A wyvern (D:9)
  10 yaks
  Grum (D:9)
  A fire elemental (Orc:2)
  A hungry ghost (D:9)
  A vampire mosquito (Swamp:2)
  3 insubstantial wisps (Swamp:2)
  The ghost of namelastname112 the Sneak, an amateur KoAs (Ossuary)
  5 swamp worms
  A hell hound (Orc:2)
  4 water moccasins
  A porcupine (Lair:5)
  A phantom (D:8)
  3 orc warriors
  An ice beast (D:6)
  A sky beast (D:15)
  2 wasps
  12 wolves
  5 ogres
  A centaur (D:11)
  5 crocodiles
  2 big kobolds
  7 giant frogs
  4 killer bees
  An electric eel (Lair:5)
  2 human zombies (Ossuary)
  2 jellies (D:15)
  4 orc wizards
  A quasit (D:11)
  A giant frog skeleton (D:11)
  3 orc priests
  4 iguanas
  A hell rat (Lair:4)
  3 worker ants
  4 sheep
  A killer bee zombie (D:10)
  A big kobold zombie (Ossuary)
  2 adders
  3 gnolls
  15 river rats
  27 orcs
  A goblin zombie (Ossuary)
  3 hobgoblin zombies (Ossuary)
  8 kobolds
  A kobold zombie (Ossuary)
  4 orc zombies (Ossuary)
  A quokka zombie (D:10)
  A rat zombie (Ossuary)
  A butterfly (Lair:1)
256 creatures vanquished.

Vanquished Creatures (others)
  An ogre mage (D:15)
  A spriggan (Swamp:2)
  A centaur skeleton (D:15)
  6 humans (D:15)
  A wasp (Swamp:2)
  27 battlemagi
  An orc (Orc:2)
  2 briar patches (Swamp:2)
  11 fungi
  3 plants (Lair:2)
54 creatures vanquished.

Grand Total: 1106 creatures vanquished

Notes
Turn   | Place    | Note
--------------------------------------------------------------
     0 | D:1      | namelastname112 the Ghoul Monk began the quest for the Orb.
     0 | D:1      | Reached XP level 1. HP: 19/19 MP: 0/0
    22 | D:1      | Reached XP level 2. HP: 18/26 MP: 1/1
   315 | D:1      | Reached XP level 3. HP: 30/31 MP: 2/2
   460 | D:2      | Reached skill level 1 in Armour
   505 | D:2      | Reached skill level 5 in Unarmed Combat
   794 | D:2      | Reached XP level 4. HP: 35/40 MP: 3/3
   896 | D:2      | Found a burning altar of Makhleb.
  1033 | D:2      | Found a shimmering altar of Xom.
  1033 | D:2      | Found a glowing golden altar of the Shining One.
  1489 | D:3      | Found a basalt altar of Yredelemnul.
  1648 | D:3      | Reached XP level 5. HP: 22/46 MP: 4/4
  1697 | D:3      | Noticed Jessica
  1710 | D:3      | Killed Jessica
  1711 | D:3      | namelastname112: >your body is rotting away
  1711 | D:3      | namelastname112: пиздец описание
  1953 | D:3      | xeno23: охуенно быть мертвым
  2008 | D:3      | xeno23: столько резистов
  2113 | D:3      | namelastname112: вампиры самые пиздатые андеды
  2184 | D:4      | Reached skill level 6 in Unarmed Combat
  2184 | D:4      | Reached XP level 6. HP: 47/52 MP: 5/5
  2272 | D:4      | oplop: о, замьям норм тайлы дали
  2321 | D:4      | oplop: зомбям
  2483 | D:4      | xeno23: надо оборотней добавить бы
  2483 | D:4      | xeno23: в специи
  2518 | D:4      | namelastname112: и какой у них гиммик?
  2571 | D:5      | Entered Level 5 of the Dungeon
  2716 | D:5      | xeno23: ну над оподумать
  2815 | D:5      | oplop: оборотни скучно
  2872 | D:5      | oplop: надо шейпшифтеров
  2874 | D:5      | xeno23: пфффффффф
  2928 | D:5      | xeno23: ну например, есть 2 формы
  2928 | D:5      | Reached XP level 7. HP: 55/60 MP: 6/6
  2934 | D:5      | Found a blossoming altar of Fedhas.
  2985 | D:5      | xeno23: гуманоидная и зверь
  3182 | D:6      | xeno23: под зверем отращиваются когти, медлится армор и нельзя кастовать например
  3191 | D:6      | Reached skill level 5 in Fighting
  3191 | D:6      | Reached skill level 7 in Unarmed Combat
  3275 | D:6      | Noticed Eustachio
  3276 | D:6      | xeno23: плюс баффается сила и дамаг
  3323 | D:6      | Killed Eustachio
  3356 | D:6      | Found a staircase to the Ecumenical Temple.
  3383 | D:6      | Reached XP level 8. HP: 49/69 MP: 7/7
  3397 | Temple   | Entered the Ecumenical Temple
  3401 | Temple   | Became a worshipper of Hepliaklqana
  3401 | Temple   | Reached * piety under Hepliaklqana
  3401 | Temple   | Reached ** piety under Hepliaklqana
  3402 | Temple   | namelastname112: хм
  3402 | Temple   | namelastname112: посоны
  3402 | Temple   | namelastname112: какой класс ему взять?
  3402 | Temple   | namelastname112: алсо говно идея, ксено
  3402 | Temple   | namelastname112: я могу просто драгонформ выучить
  3402 | Temple   | namelastname112: и кастовать
  3402 | Temple   | namelastname112: при этом
  3402 | Temple   | xeno23: ой, мумия хуевая идея, я просто могу выучить лича
  3402 | Temple   | xeno23: ой, гаргульи хуевая идея, есть же статуя
  3402 | Temple   | namelastname112: у мумий и гаргулей свои гиммики
  3402 | Temple   | namelastname112: ну так че
  3402 | Temple   | namelastname112: какую профу ему взять?
  3402 | Temple   | crauler: о блин
  3402 | Temple   | crauler: ты уже гуль
  3402 | Temple   | namelastname112: лол
  3402 | Temple   | xeno23: ну короче, пусть шифт в зверя длится ходов 30 и дает охуенный бафф в мили
  3402 | Temple   | crauler: до обновления страницы был вампир
  3402 | Temple   | oplop: какой то упоротый бог
  3402 | Temple   | xeno23: и высасывает единичку перманентной маны
  3402 | Temple   | crauler: лол
  3402 | Temple   | namelastname112: >единичку пермаментной маны
  3402 | Temple   | crauler: это что за охуенные предложения? ты про кого?
  3402 | Temple   | namelastname112: ну и все
  3402 | Temple   | namelastname112: нахуй не нужно
  3402 | Temple   | namelastname112: вообще
  3402 | Temple   | xeno23: я это придумал за минуту
  3402 | Temple   | namelastname112: лучше пусть хп сгнивает тогда
  3402 | Temple   | xeno23: если потратить часок или день, можн онорм расу задизайнить
  3402 | Temple   | namelastname112: не пермаментно
  3402 | Temple   | namelastname112: а именно гниль
  3402 | Temple   | namelastname112: хп так 20
  3402 | Temple   | xeno23: да нахуй
  3402 | Temple   | xeno23: пусть пермаэффект будет
  3402 | Temple   | xeno23: как у дд
  3402 | Temple   | namelastname112: говно идея
  3402 | Temple   | xeno23: или у мумий
  3402 | Temple   | namelastname112: пиздец вообще
  3402 | Temple   | xeno23: что?
  3402 | Temple   | namelastname112: я такой буду стоять
  3402 | Temple   | crauler: >дд перезаряжает палку. заебись
  3402 | Temple   | namelastname112: я думать
  3402 | Temple   | namelastname112: хммм
  3402 | Temple   | namelastname112: может мне бафф на 30 ходов получить
  3402 | Temple   | crauler: >оборотень(?) заряжает анус врагу
  3402 | Temple   | namelastname112: за 1 маны
  3402 | Temple   | crauler: хуево
  3402 | Temple   | namelastname112: или берсы глотнуть
  3402 | Temple   | xeno23: ну так сделать бафф имбовым
  3402 | Temple   | xeno23: чтоб его прожимали как паник баттон
  3402 | Temple   | namelastname112: блять
  3402 | Temple   | namelastname112: короче пойду рнг спрошу
  3402 | Temple   | xeno23: или всяких церебовых валить
  3402 | Temple   | namelastname112: какую профу дать этому пидору
  3402 | Temple   | crauler: Мага
  3402 | Temple   | crauler: МАГА
  3402 | Temple   | xeno23: пусть тогда шифт в зверя отхиливает на фулл хп
  3402 | Temple   | Remembered your ancestor xeno23 as a battlemage
  3429 | D:6      | Found Qura's Distillery.
  3447 | D:6      | xeno23: или вешает дверь до конца эффекта
  3486 | D:6      | xeno23: можно придумать что-то интересное
  3630 | D:6      | crauler: намир, так че, стабер хуже других предков?
  3634 | D:6      | Reached skill level 8 in Unarmed Combat
  3684 | D:6      | namelastname112: ну бля
  3684 | D:6      | namelastname112: я хз
  3684 | D:6      | namelastname112: вот ща кобольдину смотрел
  3684 | D:6      | namelastname112: у нее стаббер выучил энгласиэйшн
  3684 | D:6      | namelastname112: там выбор еще был
  3684 | D:6      | namelastname112: либо пара
  3684 | D:6      | namelastname112: либо энглц
  3684 | D:6      | Bought a potion of curing for 45 gold pieces
  3770 | D:6      | crauler: паралич?
  3777 | D:6      | namelastname112: da
  3788 | D:7      | Noticed Menkaure
  3789 | D:7      | Reached skill level 1 in Invocations
  3803 | D:7      | Killed Menkaure
  3818 | D:7      | Found a sand-covered staircase.
  3846 | D:7      | Found a stormy altar of Qazlal.
  3862 | Ossuary  | Entered an ossuary
  3914 | Ossuary  | Noticed namelastname112's ghost (amateur KoAs)
  3925 | Ossuary  | Killed namelastname112's ghost
  3945 | Ossuary  | crauler: о, зомби кобольды стали на кобольдов похожи
  3987 | Ossuary  | Reached skill level 5 in Dodging
  4119 | D:7      | Reached XP level 9. HP: 74/75 MP: 10/10
  4160 | D:7      | Reached skill level 9 in Unarmed Combat
  4399 | D:7      | oplop: и зомбигоблины на гоблинов
  4498 | D:7      | oplop: хепли какой то упоротый бог
  4498 | D:7      | oplop: для любителей тамагочи
  4554 | D:7      | namelastname112: ну бля
  4554 | D:7      | namelastname112: его фунгус делал
  4554 | D:7      | namelastname112: а фунгус походу крэк курит
  4554 | D:7      | namelastname112: судя по его комитам
  4583 | D:7      | xeno23: лол
  4589 | D:7      | oplop: а, еще он НЕ ЛЮБИТ КОТИКОВ
  4650 | D:7      | oplop: нахуй он такой нужен, если котиков не любит
  4704 | D:8      | namelastname112: я тебе даже могу сказать
  4704 | D:8      | namelastname112: почему именно он фелидов не любит
  4746 | D:8      | Reached *** piety under Hepliaklqana
  4747 | D:8      | Found a shadowy altar of Dithmenos.
  4755 | D:8      | xeno23: ну просто под котов пришлось бы пилить другую механику
  4774 | D:8      | namelastname112: ^
  4780 | D:8      | Found a staircase to the Lair.
  4783 | D:8      | Noticed Gastronok
  4786 | D:8      | xeno23: оружия и брони у них нету
  5126 | D:8      | xeno23: ммммм
  5135 | D:8      | xeno23: как мило
  5174 | D:8      | namelastname112: ты теперь мой предок нахуй
  5202 | D:8      | namelastname112: батя
  5202 | D:8      | namelastname112: ты ли это
  5500 | D:8      | xeno23: чет эти предки отсасывают
  5533 | D:8      | oplop: reasons The balrug is hit by a flying piece of Cerebov!
  5536 | D:8      | oplop: проиграно
  5537 | D:8      | oplop: а че там с антеем случилось
  5544 | D:8      | Killed Gastronok
  5544 | D:8      | Reached skill level 5 in Armour
  5544 | D:8      | Reached skill level 10 in Unarmed Combat
  5544 | D:8      | Reached XP level 10. HP: 47/86 MP: 12/12
  5706 | D:8      | xeno23: >dat hat
  5706 | D:8      | namelastname112: лол
  5706 | D:8      | namelastname112: оплоп
  5706 | D:8      | namelastname112: антея нахуй на куски рапидорасило
  5787 | D:8      | oplop: хороший бог
  5802 | D:8      | oplop: надо попробовать
  5864 | D:8      | Reached skill level 5 in Invocations
  6267 | D:9      | Reached skill level 11 in Unarmed Combat
  6275 | D:9      | Noticed Grum
  6633 | D:9      | Killed Grum
  6729 | D:9      | Reached XP level 11. HP: 59/94 MP: 14/14
  7068 | D:10     | Entered Level 10 of the Dungeon
  7171 | D:10     | Noticed Nergalle
  7213 | D:10     | Killed Nergalle
  7443 | D:10     | Reached **** piety under Hepliaklqana
  7698 | D:10     | namelastname112: четыре бене
  7698 | D:10     | namelastname112: пиздец
  7995 | D:11     | Found a staircase to the Orcish Mines.
  8006 | D:11     | Found a roughly hewn altar of Beogh.
  8011 | D:11     | Reached skill level 12 in Unarmed Combat
  8042 | D:11     | Noticed a purple ugly thing
  8053 | D:11     | Killed a purple ugly thing
  8068 | D:11     | Noticed a green ugly thing
  8078 | D:11     | Killed a green ugly thing
  8127 | D:11     | Found a blossoming altar of Fedhas.
  8179 | D:11     | Found Laemu's Food Emporium.
  8181 | D:11     | Killed an unseen horror
  8195 | D:11     | namelastname112: ууу
  8195 | D:11     | namelastname112: он инвиз видит
  8195 | D:11     | namelastname112: полезно
  8243 | D:11     | Noticed a white ugly thing
  8252 | D:11     | Killed a white ugly thing
  8467 | D:11     | Killed an unseen horror
  8722 | D:11     | Found Muvun's Weapon Emporium.
  9156 | D:12     | Noticed a hill giant
  9166 | D:12     | Killed a hill giant
  9271 | D:12     | Noticed a deep elf mage
  9291 | D:12     | Killed a deep elf mage
  9374 | D:12     | Noticed a hill giant
  9381 | D:12     | Killed a hill giant
  9381 | D:12     | Reached XP level 12. HP: 91/104 MP: 16/16
  9498 | D:12     | Reached skill level 13 in Unarmed Combat
  9518 | D:12     | namelastname112: и какой в этом смысл
  9806 | D:12     | Found a blossoming altar of Fedhas.
 10235 | D:13     | Found a shattered altar of Ashenzari.
 10373 | D:13     | HP: 2/105 [slime creature (11)]
 11024 | D:13     | Reached ***** piety under Hepliaklqana
 11052 | D:13     | Noticed an eight-headed hydra
 11059 | D:13     | Killed an eight-headed hydra
 11272 | D:13     | Noticed a centaur warrior
 11275 | D:13     | Killed a centaur warrior
 11275 | D:13     | Reached skill level 10 in Fighting
 11478 | D:13     | Found a gate to the Vaults.
 12092 | D:14     | Noticed a centaur warrior
 12097 | D:14     | Killed a centaur warrior
 12144 | D:14     | Noticed a centaur warrior
 12153 | D:14     | Killed a centaur warrior
 12153 | D:14     | Reached skill level 14 in Unarmed Combat
 12456 | D:14     | Reached XP level 13. HP: 113/113 MP: 18/18
 12555 | D:13     | namelastname112: нихуя себе
 12555 | D:13     | namelastname112: вот это тайл
 12555 | D:13     | crauler: лол
 12555 | D:13     | crauler: ксено
 13152 | D:14     | Noticed Nessos
 13171 | D:14     | Killed Nessos
 13311 | D:14     | crauler: чей тайл увидел? у меня все промоталось по быстрому
 13456 | D:15     | Entered Level 15 of the Dungeon
 13510 | D:15     | Found Ulixik's Antique Weapon Boutique.
 13566 | D:15     | Found a staircase to the Depths.
 13566 | D:15     | Noticed a dire elephant
 13599 | D:15     | Killed a dire elephant
 14298 | D:15     | Noticed Kirke
 14314 | D:15     | Killed Kirke
 14355 | D:15     | Reached skill level 15 in Unarmed Combat
 14422 | D:15     | Reached skill level 10 in Invocations
 14725 | D:15     | oplop: у меня ни одного вина с доместосом
 14786 | D:15     | oplop: ужас
 14819 | D:15     | Reached XP level 14. HP: 30/121 MP: 20/20
 14820 | D:15     | namelastname112: лол
 14820 | D:15     | namelastname112: так иди выирай
 14820 | D:15     | oplop: пойду исправлю
 16067 | D:15     | Found a deep blue altar of Sif Muna.
 16329 | Lair:1   | Entered Level 1 of the Lair of Beasts
 16487 | Lair:1   | oplop: пуке еще алтарь не нарисовали чтоле?
 16499 | Lair:1   | namelastname112: nea
 16499 | Lair:1   | oplop: у меня он как рандомный выглядит
 16539 | Lair:1   | oplop: ясно
 16631 | Lair:1   | oplop: надо дискотечный шар, лол
 16705 | Lair:1   | Got an ichor-stained cloak
 16711 | Lair:1   | Identified the +2 cloak "Hiummu" {rPois rC- Dex+3} (You found it on level 1 of the Lair of Beasts)
 17315 | Lair:2   | xeno23: в чем?
 17452 | Lair:2   | Noticed a dire elephant
 17617 | Lair:2   | Reached skill level 16 in Unarmed Combat
 17984 | Lair:2   | Killed a dire elephant
 18132 | Lair:2   | xeno23: пиздец, у тебя эксплор дилей
 18187 | Lair:2   | namelastname112: у меня лагает еще
 18187 | Lair:2   | xeno23: приходится пол часа ждать, пока видео промотается
 18187 | Lair:2   | namelastname112: из-за10 спеков
 18342 | Lair:2   | namelastname112: лол
 18342 | Lair:2   | namelastname112: да нажми ф5 просто
 18508 | Lair:3   | Found a staircase to the Swamp.
 18526 | Lair:3   | xeno23: ну так я чатик проебу тогда
 18697 | Lair:3   | namelastname112: ну бля
 18697 | Lair:3   | namelastname112: попросишь меня
 18697 | Lair:3   | namelastname112: кину дамп
 18697 | Lair:3   | namelastname112: чатик туда пишется
 19148 | Lair:3   | xeno23: короче я придумал охуенных идей для оборотня
 19202 | Lair:4   | xeno23: надо ему дать эволв расовый
 19214 | Lair:4   | xeno23: третьего лвла
 19312 | Lair:4   | xeno23: типа мутант
 19312 | Lair:4   | namelastname112: у эволва 2 лвла
 19381 | Lair:4   | xeno23: ну вот, самый быстрый
 19382 | Lair:4   | Noticed Josephine
 19393 | Lair:4   | Killed Josephine
 19393 | Lair:4   | Reached skill level 10 in Dodging
 19560 | Lair:4   | xeno23: >ваши гены пускаются в неконтролируемый поток
 19587 | Lair:4   | oplop: слишком круто
 19624 | Lair:4   | Reached ****** piety under Hepliaklqana
 19805 | Lair:4   | xeno23: ну он может и хуевые мутки дать
 19813 | Lair:4   | oplop: это уже не оборотень а чисто мутант, кек
 19881 | Lair:5   | xeno23: ну типа у него от проклятия тело распидорашивает
 19917 | Lair:5   | Found a labyrinth entrance.
 19919 | Lair:5   | oplop: блин, где бим
 19943 | Lab      | Entered a labyrinth
 19961 | Lab      | oplop: в лерндб приходится через браузер лазать
 20012 | Lab      | xeno23: у хоста мамка счет за электричество увидела
 20017 | Lab      | xeno23: и охуела
 20026 | Lab      | xeno23: теперь не будет бима
 20043 | Lab      | namelastname112: да гамма просто спать съебал
 20350 | Lab      | Got a slimy golden ring
 20351 | Lab      | xeno23: еще оборотню можно запретить тмуты кастовать
 20352 | Lab      | Identified the ring "Milevaf" {Fire MR- Int+4} (You found it in a labyrinth)
 20355 | Lab      | xeno23: для баланса
 20952 | Lair:5   | namelastname112: бля
 20952 | Lair:5   | namelastname112: знаешь какого моба хочу
 20952 | Lair:5   | namelastname112: ну
 20952 | Lair:5   | namelastname112: помимо эйсид крабов
 20952 | Lair:5   | namelastname112: хочу короче приста федаса
 20952 | Lair:5   | namelastname112: у которого один спелл
 20952 | Lair:5   | xeno23: имунных к физ дамагу?
 20952 | Lair:5   | namelastname112: саммон оклоб сёркл
 20960 | Lair:5   | xeno23: лол
 20974 | Lair:5   | Noticed Rupert
 20990 | Lair:5   | Killed Rupert
 20990 | Lair:5   | xeno23: это же смерть мерзкая нахуй
 20990 | Lair:5   | Reached XP level 15. HP: 101/132 MP: 22/22
 20991 | Lair:5   | namelastname112: ооо
 20991 | Lair:5   | namelastname112: теперь ему выбираешь спеллы
 20991 | Lair:5   | namelastname112: найс
 20991 | Lair:5   | Remembered your ancestor xeno23 casting Iceblast
 21192 | Lair:5   | xeno23: а еще пусть на 7 лвле выбирается вид оборотню
 21225 | Lair:6   | xeno23: типа оборотень-кот, волк или медведь
 21226 | Lair:6   | Reached skill level 10 in Armour
 21290 | Lair:6   | xeno23: рандомно, как у драконов
 21375 | Lair:6   | Found a staircase to the Snake Pit.
 21376 | Lair:6   | xeno23: или там бык
 21399 | Lair:6   | xeno23: хотя это хуйня уже
 21489 | Lair:6   | Found a staircase to the Slime Pits.
 22284 | Lair:6   | namelastname112: я хочу новый бэк короче
 22284 | Lair:6   | namelastname112: slime knight
 22430 | Lair:7   | xeno23: мм
 22497 | Lair:7   | xeno23: джива же в ерли хуев
 22603 | Lair:7   | namelastname112: ну да
 22603 | Lair:7   | namelastname112: трейдоффы
 22681 | Lair:7   | xeno23: лучше уж сталкера пусть вернут вместе с книжкой
 23121 | Lair:7   | Reached skill level 17 in Unarmed Combat
 23194 | Lair:7   | namelastname112: да хуй там
 23194 | Lair:7   | namelastname112: сталкер слишком крутой
 23378 | Lair:8   | Entered Level 8 of the Lair of Beasts
 23626 | Lair:8   | xeno23: смешно кстати как на турнаменте вины распределились
 23678 | Lair:8   | xeno23: 236 винов за Ми
 23710 | Lair:8   | xeno23: а за кота всего 21
 23710 | Lair:8   | namelastname112: лол
 23710 | Lair:8   | namelastname112: тебя это удивляет?
 23741 | Lair:8   | xeno23: 267 винов за файтера
 23801 | Lair:8   | xeno23: ну у меня всего один вин минотварью
 23808 | Lair:8   | xeno23: они же сука унылые
 24019 | Lair:8   | namelastname112: ну бля
 24019 | Lair:8   | namelastname112: на турнире люд играли чебы ВЫИГРАТЬ
 24019 | Lair:8   | namelastname112: а ми легкая раса
 24046 | Lair:8   | xeno23: пфф ну пиздец
 24078 | Lair:8   | xeno23: я как-то 6ю разными расами и бэками выиграл
 24088 | Lair:8   | xeno23: в стрик
 24101 | Lair:8   | xeno23: 100% винрейт
 24159 | Lair:8   | namelastname112: это ты молодец, да
 24206 | Lair:8   | Reached skill level 1 in Shields
 24356 | Lair:8   | xeno23: только теперь этот стрик на меня давит
 24407 | Lair:8   | xeno23: боюсь проебать
 24635 | Lair:6   | namelastname112: ну играй аккуратно
 24714 | Lair:2   | xeno23: ну и нахуй так жить
 24844 | Orc:1    | Entered Level 1 of the Orcish Mines
 24865 | Orc:1    | xeno23: от каждого шакала бегать и бояться
 25499 | Orc:1    | Found a roughly hewn altar of Beogh.
 25638 | Orc:2    | Entered Level 2 of the Orcish Mines
 25638 | Orc:2    | Noticed an orc warlord
 25640 | Orc:2    | Found a staircase to the Elven Halls.
 25650 | Orc:2    | Killed an orc warlord
 25672 | Orc:2    | Found a dark tunnel.
 26055 | Orc:2    | Found a roughly hewn altar of Beogh.
 26069 | Orc:2    | Noticed Azrael
 26085 | Orc:2    | Killed Azrael
 26088 | Orc:2    | Reached XP level 16. HP: 27/141 MP: 7/24
 26095 | Orc:2    | Found Xidgh's Magic Scroll Boutique.
 26298 | Orc:2    | Bought a scroll of blinking for 112 gold pieces
 26298 | Orc:2    | Bought a scroll of blinking for 112 gold pieces
 26358 | Orc:2    | Found a roughly hewn altar of Beogh.
 26617 | Orc:2    | Found Pampi's Gadget Shop.
 26649 | Orc:2    | Found Efuocw's Gadget Boutique.
 26692 | Orc:2    | Found an ancient bone altar of Kikubaaqudgha.
 26712 | Orc:2    | Noticed Erolcha
 26732 | Orc:2    | Killed Erolcha
 26754 | Orc:2    | Found a roughly hewn altar of Beogh.
 26776 | Orc:2    | Found Duashro's Antique Armour Boutique.
 26786 | Orc:2    | Found Feteheak's Magic Scroll Boutique.
 26789 | Orc:2    | Bought a pair of glowing boots for 130 gold pieces
 26789 | Orc:2    | Bought a runed plate armour for 667 gold pieces
 26825 | Orc:2    | Bought a scroll of acquirement for 780 gold pieces
 26826 | Orc:2    | Got a twisted buckler
 26837 | Orc:2    | Identified the +0 buckler of Supple Strength {Str+4 Stlth-} (You acquired it on level 2 of the Orcish Mines)
 26853 | Orc:2    | Found a radiant altar of Vehumet.
 27383 | Swamp:1  | Entered Level 1 of the Swamp
 28642 | Swamp:2  | Reached skill level 18 in Unarmed Combat
 28655 | Swamp:2  | Noticed a thorn hunter
 28680 | Swamp:2  | Killed a thorn hunter
 29345 | Swamp:2  | Noticed a thorn hunter
 29365 | Swamp:2  | Killed a thorn hunter
 30384 | Swamp:4  | Entered Level 4 of the Swamp
 30395 | Swamp:4  | Noticed Roxanne
 30416 | Swamp:4  | Killed Roxanne
 30523 | Swamp:4  | Identified Roxanne's Disquisition on Moulding (You took it off Roxanne on level 4 of the Swamp)
 30655 | Swamp:4  | Noticed a thorn hunter
 30666 | Swamp:4  | Killed a thorn hunter
 30716 | Swamp:4  | Reached XP level 17. HP: 89/150 MP: 9/25
 30888 | Swamp:4  | HP: 6/150 [giant leech[a spriggan druid] (17)]
 30895 | Swamp:3  | Slain by a giant leech

Vault maps used:
D:1:      noname_arrival_rooms_in_the_neighbourhood
D:2:      nicolae_overflow_hidden_temple, makhleb_blood_cavern_becter,
          amethyst_overflow_temple_binary
D:3:      fountainhead, lemuel_tele_altar, uniq_jessica
D:4:      first_bread, feat_on_display
D:5:      marbit_many_paths
D:6:      minmay_temple_entry_mist, serial_shops, nicolae_shop_window_shopping,
          uniq_eustachio
D:7:      grunt_qazlal_clouds, nicolae_ossuary_entry_monument, grunt_ogre_cave,
          uniq_menkaure
D:8:      dpeg_lair_monsters, nicolae_dithmenos_through_a_glass_darkly,
          uniq_gastronok
D:9:      uniq_grum
D:10:     uniq_nergalle
D:11:     minmay_goldmine, minmay_orc_entry_temple_small, serial_shops, shop,
          nicolae_shop_window_shopping, fedhas_altar_4
D:12:     basic_altar
D:13:     david_vaults_4, special_room, nicolae_ashenzari_panopticon
D:14:     columned_hall_lemuel, uniq_nessos
D:15:     hangedman_depths_entry_try_elsewhere_first, serial_shops,
          nicolae_shop_statue_plus, lemuel_blue_sif_altar, uniq_kirke
Temple:   nicolae_temple_x_marks_the_god_16
Lair:1:   lemuel_fruit_fields, grunt_megastairs_5
Lair:2:   mu_elephants_graveyard, beast_lair_carwin_9
Lair:3:   minmay_swamp_entry_reptiles
Lair:4:   uniq_josephine
Lair:5:   lab_entry_generic, serial_bayou_lagoon_a, grunt_megastairs_2,
          uniq_rupert
Lair:6:   guppyfry_snake_entry_garden, minmay_slime_entry_eyes,
          roderic_lost_polar_bear
Lair:7:   grunt_megastairs_1, lemuel_fruit_tree
Lair:8:   minmay_lair_end_enchanted_forest
Swamp:1:  evilmike_swamp_ruin_house_4
Swamp:2:  hangedman_swamp_ruin_wall
Swamp:3:  evilmike_swamp_ruin_rubble_1, swamp_pool1, nicolae_swamp_fairy_circle,
          hangedman_swamp_lotus, infiniplex_staircase_pool
Swamp:4:  swamp_alternative, uniq_roxanne
Orc:1:    basic_altar
Orc:2:    kennysheep_orc_mage_school, basic_altar,
          nicolae_volcano_entry_lava_flow, serial_shops, shop,
          minmay_orc_temple_a, uniq_azrael
Lab:      labyrinth_hidden_loot, nicolae_lab_big_swirl, nicolae_lab_starburst
Ossuary:  ossuary_tomb_1

Skill      XL: |  1  2  3  4  5  6  7  8  9 10 11 12 13 14 15 16 |
---------------+-------------------------------------------------+-----
Armour         | 1 2 3 4 5 7 8 9 10 11 | 11.5
Unarmed Combat | 5 6 7 8 10 11 12 14 15 16 17 18 | 18.5
Dodging        | 3 4 5 6 7 8 9 10 11 | 11.4
Fighting       | 4 5 6 7 8 9 10 11 12 13 | 13.5
Invocations    | 2 4 6 7 8 10 11 12 | 12.8
Shields        | 2 4 |  4.2
Stealth        | |  2.1

Action                   |  1- 3 |  4- 6 |  7- 9 | 10-12 | 13-15 | 16-18 || total
-------------------------+-------+-------+-------+-------+-------+-------++-------
Melee: Unarmed           |   118 |   205 |   385 |   702 |  1490 |   701 ||  3601
       Punch             |     1 |     1 |    15 |    31 |    70 |       ||   118
Throw: Throwing net      |       |       |     4 |       |     1 |       ||     5
Invok: Ancestor Life: Ba |       |       |     1 |       |       |       ||     1
       Recall Ancestor   |       |       |     1 |     1 |       |       ||     2
       Transference      |       |       |       |     2 |     2 |     1 ||     5
       Idealise          |       |       |       |       |     2 |       ||     2
Battlemage: Icebl        |       |       |       |       |     1 |       ||     1
Evoke: Wand              |       |       |     4 |     1 |       |       ||     5
  Use: Potion            |       |       |       |     1 |       |     5 ||     6
       Scroll            |       |       |       |    27 |    10 |    10 ||    47
 Stab: Distracted        |       |       |       |    14 |    20 |     9 ||    43
       Petrifying        |       |       |       |       |     1 |       ||     1
  Eat: Chunk             |     5 |     8 |    16 |    38 |    60 |    46 ||   173
       Beef jerky        |       |       |       |       |       |     1 ||     1
Armor: Robe              |     1 |       |       |       |       |       ||     1
       Ring mail         |    28 |       |       |       |       |       ||    28
       Plate armour      |    25 |   136 |   150 |   319 |   553 |   332 ||  1515
Dodge: Dodged            |    83 |    62 |   184 |   421 |   940 |   513 ||  2203
Block: Other             |       |       |       |    12 |    37 |       ||    49
       Reflection        |       |       |       |     1 |       |       ||     1
       Buckler           |       |       |       |       |    64 |   137 ||   201
